 Dungeon Crawl Stone Soup version 0.20.1-1-g8b1a95d (webtiles) character file.

550 Monsterracer the Ruffian (level 7, 0/44 HPs)
             Began as a Gargoyle Transmuter on Sept 11, 2017.
             Slain by an ogre
             ... wielding a +0 giant club
              (12 damage)
             ... on level 5 of the Dungeon.
             The game lasted 00:07:39 (5157 turns).

Monsterracer the Ruffian (Gargoyle Transmuter)      Turns: 5157, Time: 00:07:40

Health: 0/44       AC: 12    Str: 16    XL:     7   Next: 29%
Magic:  10/10      EV: 11    Int: 13    God:
Gold:   349        SH:  0    Dex: 10    Spells: 3/10 levels left

rFire    . . .     SeeInvis .     - Unarmed
rCold    . . .     Gourm    .   (no shield)
rNeg     + . .     Faith    .   m - +0 ring mail
rPois    ∞         Spirit   .   (no helmet)
rElec    +         Reflect  .   (no cloak)
rCorr    .         Harm     .   (no gloves)
MR       .....                  s - +1 pair of boots
Stlth    ..........             c - amulet of rage
Regen    0.2/turn               (no ring)
MPRegen  0.2/turn               (no ring)

@: no status effects
A: negative energy resistance 1, electricity resistance, unbreathing,
petrification resistance, rot immunity, AC +4
a: Evoke Berserk Rage


You were on level 5 of the Dungeon.
You were hungry.

You visited 1 branch of the dungeon, and saw 5 of its levels.

You collected 349 gold pieces.

Inventory:

Missiles
 a - 82 arrows
Armour
 f - a +0 plate armour
 m - a +0 ring mail (worn)
 s - a +1 pair of boots (worn)
Jewellery
 c - an amulet of rage (around neck)
Scrolls
 e - a scroll of identify
 g - a scroll of remove curse
 l - a scroll of amnesia
Potions
 b - 3 potions of haste
 h - 2 potions of invisibility
 j - a potion of berserk rage
 k - 5 potions of heal wounds
 n - 2 potions of might
 p - a potion of mutation
 q - a potion of cancellation
 r - 2 potions of flight
 t - 3 potions of curing
Comestibles
 d - 5 bread rations
 i - 4 meat rations
 o - a royal jelly


   Skills:
 + Level 4.5 Fighting
 + Level 2.9 Armour
 - Level 1.5 Dodging
 * Level 6.3 Unarmed Combat
 - Level 2.0 Spellcasting
 - Level 1.5 Transmutations


You had 3 spell levels left.
You knew the following spells:

 Your Spells              Type           Power        Failure   Level  Hunger
a - Blade Hands           Tmut           #.........   100%        5    ######.
b - Sticks to Snakes      Tmut           #.......     36%         2    ###....


Dungeon Overview and Level Annotations

Branches:
Dungeon (5/15)
 Temple: D:4-7

Altars:
Ashenzari
Fedhas
Gozag
Sif Muna
Uskayaw
Vehumet


Innate Abilities, Weirdness & Mutations

You are resistant to torment.
Your stone body is resilient. (AC +4)
You are immune to poison.
You resist negative energy. (rN+)
You are resistant to electric shocks. (rElec)
You can survive without breathing.
You are immune to petrification.
You are immune to rotting.


Message History

You hit the ogre.
The ogre is moderately wounded.
You hit the ogre but do no damage.
The ogre is moderately wounded.
The ogre hits you with a giant club.
Damage: -14%(-6hp) hp: 55%(24hp)
You punch the ogre!
The ogre is heavily wounded.
The ogre misses you.
You punch the ogre!
The ogre is severely wounded.
You barely miss the ogre.
The ogre is severely wounded.
The ogre hits you with a giant club!
* * * LOW HITPOINT WARNING * * *
Huge Dmg: -27%(-12hp) hp: 28%(12hp)
You hit the ogre.
The ogre is severely wounded.
The ogre hits you with a giant club!
You die...

*,****** *,* *,* *,*
######### *,* #.......#
*,* #.......# *,*
#...?.O.#######**,*
#......@.......,,,* #####
#.......############
....#
#..................#****
....#
#.......##########.#,,,,
....# ####.......#
#.......#,*** ....#
#.........(# #.#######,*
....# #..........#
#.#******,* ....#
#..........####.#,,,,,,,*
....#
#............##.#,*******


You could see an ogre.

Vanquished Creatures
  An ogre (D:5)
  A crimson imp (D:5)
  An orc priest (D:5)
  A hound (D:4)
  A centaur skeleton (D:5)
  An iguana (D:5)
  4 worker ants
  A hound zombie (D:5)
  2 adders
  3 oozes
  An adder skeleton (D:4)
  A worm (D:2)
  A dart slug (D:4)
  4 leopard geckos
  5 orcs
  7 giant cockroaches
  13 goblins
  7 hobgoblins
  5 jackals (D:4)
  A quokka (D:5)
  A ball python skeleton (D:5)
  7 bats
  9 frilled lizards
  A jackal skeleton (D:4)
  7 kobolds
  12 rats
98 creatures vanquished.

Vanquished Creatures (collateral kills)
  An ice beast (D:5)
  An adder (D:5)
2 creatures vanquished.

Grand Total: 100 creatures vanquished

Notes
Turn   | Place    | Note
-------+----------+-------------------------------------------
     0 | D:1      | Monsterracer the Gargoyle Transmuter began the quest for the Orb.
     0 | D:1      | Reached XP level 1. HP: 12/12 MP: 3/3
   276 | D:1      | Reached XP level 2. HP: 17/17 MP: 5/5
   621 | D:1      | Reached XP level 3. HP: 21/21 MP: 6/6
   626 | D:1      | Learned a level 2 spell: Sticks to Snakes
  1025 | D:2      | Reached skill level 4 in Unarmed Combat
  1286 | D:2      | HP: 7/21 [worm (6)]
  1314 | D:2      | HP: 6/22 [goblin/dagger (1)]
  1859 | D:3      | Reached XP level 4. HP: 25/27 MP: 7/7
  2256 | D:3      | Found a shattered altar of Ashenzari.
  2462 | D:3      | Found a hide-covered altar of Uskayaw.
  2706 | D:3      | Found a deep blue altar of Sif Muna.
  2754 | D:4      | Found a blossoming altar of Fedhas.
  2778 | D:4      | Found a radiant altar of Vehumet.
  2780 | D:4      | Found an opulent altar of Gozag.
  2835 | D:4      | Reached XP level 5. HP: 32/32 MP: 8/8
  2931 | D:4      | Reached skill level 1 in Armour
  2931 | D:4      | Reached skill level 5 in Unarmed Combat
  3645 | D:4      | Found an opulent altar of Gozag.
  3792 | D:5      | Entered Level 5 of the Dungeon
  3797 | D:5      | Reached XP level 6. HP: 35/37 MP: 9/9
  3930 | D:5      | HP: 15/38 [iguana (6)]
  4231 | D:5      | Noticed an ice beast
  4242 | D:5      | HP: 19/38 [ice beast (6)]
  4247 | D:5      | Killed an ice beast
  4352 | D:5      | Reached skill level 6 in Unarmed Combat
  4352 | D:5      | Reached XP level 7. HP: 27/43 MP: 10/10
  4566 | D:1      | Learned a level 5 spell: Blade Hands
  5156 | D:5      | HP: 12/44 [ogre/giant club (12)]
  5157 | D:5      | Slain by an ogre

Skill      XL: |  1  2  3  4  5  6 |
---------------+-------------------+-----
Fighting       | 2 3 4 |  4.5
Unarmed Combat | 4 5 6 |  6.3
Armour         | 1 2 |  2.9
Dodging        | |  1.5
Spellcasting   | |  2.0
Transmutations | |  1.5

Action                   |  1- 3 |  4- 6 |  7- 9 || total
-------------------------+-------+-------+-------++-------
Melee: Unarmed           |   145 |   226 |    63 ||   434
       Punch             |     3 |     6 |     1 ||    10
 Cast: Sticks to Snakes  |       |     2 |       ||     2
  Use: Scroll            |       |    19 |     1 ||    20
 Stab: Sleeping          |     1 |       |       ||     1
       Distracted        |       |     1 |       ||     1
  Eat: Chunk             |     3 |     8 |     2 ||    13
Armor: Leather armour    |    48 |    67 |     8 ||   123
       Robe              |     2 |       |       ||     2
       Ring mail         |       |       |    10 ||    10
Dodge: Dodged            |    61 |   117 |    26 ||   204
